 Dungeon Crawl Stone Soup version 0.31-a0-246-g8cbcc1cb85 (webtiles) character file.

Game seed: 4162974729069349668

12 qw the Shooter (level 2, -1/23 HPs)
             Began as a Minotaur Hexslinger on July 12, 2023.
             Killed from afar by Sigmund (11 damage)
             ... with a magic dart
             ... on level 2 of the Dungeon.
             The game lasted 00:00:09 (399 turns).

qw the Shooter (Minotaur Hexslinger)                 Turns: 399, Time: 00:00:10

Health: -1/23      AC:  5    Str: 12    XL:     2   Next: 20%
Magic:  2/2        EV: 10    Int: 10    God:
Gold:   9          SH:  0    Dex: 12    Spells: 2/3 levels left

rFire   . . .        Y - +1 sling
rCold   . . .        (no shield)
rNeg    . . .        f - +0 ring mail
rPois   .            (helmet restricted)
rElec   .            (no cloak)
rCorr   .            (no gloves)
SInv    .            (no boots)
Will    .....        (no amulet)
Stlth   +            (no ring)
HPRegen 0.23/turn    (no ring)
MPRegen 0.08/turn

%: no passive effects
@: no status effects
A: horns 2, retaliatory headbutt
a: no special abilities


You were on level 2 of the Dungeon.
You visited 1 branch of the dungeon, and saw 2 of its levels.

You collected 9 gold pieces.


Innate Abilities, Weirdness & Mutations

You have a pair of horns on your head.
You reflexively headbutt those who attack you in melee.


   Skills:
 + Level 1.6 Fighting
 - Level 3.1 Ranged Weapons
 - Level 2.1 Dodging
 - Level 1.0 Spellcasting
 - Level 2.0 Hexes


You had 2 spell levels left.
You knew the following spells:

 Your Spells              Type           Power      Damage    Failure   Level
a - Slow                  Hex            16%        N/A       34%         1

Your spell library contained the following spells:

 Spells                   Type           Power      Damage    Failure   Level
 Inner Flame              Hex/Fire       2%         N/A       83%         3
 Portal Projectile        Hex/Tloc       4%         N/A       83%         3
 Cause Fear               Hex            2%         N/A       98%         4

Inventory:

Hand Weapons
 Y - a +1 sling (weapon)
Armour
 f - a +0 ring mail (worn)
Potions
 e - a potion of curing {unknown}
 h - a potion of might {unknown}

Dungeon Overview and Level Annotations

Branches:
Dungeon (2/15)

Altars:

Annotations:
D:2 Sigmund


Message History

(D) Dungeon
Where to? (* - list waypoints, ? - help)
What level of the Dungeon? (default 1, ? - help)
There is a dry fountain here.
There is a dry fountain here.
There is a stone staircase leading down here.
You climb downwards.
Found 8 stones, 4 atropa-tipped darts and 9 gold pieces.
Found a stone staircase leading down.
There is a stone staircase leading up here.
A dart slug is nearby!
Waypoint 1 assigned to D:2.
You shoot a sling bullet. The sling bullet hits the dart slug.
The dart slug is heavily wounded.
You shoot a sling bullet. The sling bullet hits the dart slug!
You kill the dart slug!
Found a whip.
You now have 9 gold pieces.
Sigmund the Dreaded comes into view.
He is wielding a +0 scythe.
Sigmund shouts!
You shoot a sling bullet. The sling bullet hits Sigmund.
Sigmund is moderately wounded.
A ball python comes into view.
You shoot a sling bullet. The sling bullet hits Sigmund.
Sigmund is moderately wounded.
You shoot a sling bullet. The sling bullet barely misses Sigmund.
Sigmund gestures wildly while chanting.
Sigmund flickers and vanishes!
Deactivating autopickup; reactivate with Ctrl-A.
You shoot a sling bullet.
The sling bullet closely misses the ball python.
Something hits you.
You shoot a sling bullet. Something hits you.
You shoot a sling bullet. Something hits you!
You shoot a sling bullet.
A magic dart appears from out of thin air!
The magic dart hits you!
You die...

#...........).....
#.................
##...............
#...............
#..#.##..#.##..# #
#..##
#..##.#..##.#.
..##....##....#
....
#.#..##.#..##.#{.#
. #..#.##@.#
....##....##
#.##..#.##. # #
.##. .. ## . ##.
#. .# #


There were no monsters in sight!

Vanquished Creatures
  2 dart slugs
  An endoplasm (D:1)
  A giant cockroach (D:1)
  A ball python (D:1)
  3 bats (D:1)
  A frilled lizard (D:1)
9 creatures vanquished.

Notes
Turn   | Place    | Note
-------+----------+-------------------------------------------
     0 | D:1      | qw the Minotaur Hexslinger began the quest for the Orb.
     0 | D:1      | Reached XP level 1. HP: 16/16 MP: 1/1
     0 | D:1      | 0 ||| qw: Version: 0.3-a-52-g30416fa
     0 | D:1      | 0 ||| qw: Game counter: 6555
     0 | D:1      | 0 ||| qw: Melee chars always use a shield: true
     0 | D:1      | 0 ||| qw: God list: Okawaru
     0 | D:1      | 0 ||| qw: Allow faded altars: false
     0 | D:1      | 0 ||| qw: Do Orc after clearing Dungeon:15 true
     0 | D:1      | 0 ||| qw: Do second Lair branch before Depths: true
     0 | D:1      | 0 ||| qw: Lair rune preference: random
     0 | D:1      | 0 ||| qw: Goals: Normal
     0 | D:1      | 0 ||| PLANNING D:1-11
   204 | D:1      | Found a faded altar of an unknown god.
   248 | D:1      | 248 ||| FLEEEEING.
   259 | D:1      | Reached skill level 3 in Ranged Weapons
   259 | D:1      | Reached XP level 2. HP: 23/23 MP: 2/2
   339 | D:1      | 339 ||| UPGRADING to +0 leather armour.
   349 | D:1      | 349 ||| DROPPING +0 robe.
   350 | D:1      | 350 ||| UPGRADING to +0 ring mail.
   360 | D:1      | 360 ||| DROPPING +0 leather armour.
   361 | D:1      | 361 ||| READING scroll labelled JEREL CIYPH.
   362 | D:1      | 362 ||| DROPPING scroll of poison.
   392 | D:2      | Noticed Sigmund
   399 | D:2      | Killed from afar by Sigmund

Levels and vault maps discovered:
D:1:      minmay_arrival_three_doors, layout_basic,
          shapermc_ecumenical_altar_venn
D:2:      layout_basic, minivault_25, nicolae_eternal_life, dk_noncrumbling_3,
          uniq_sigmund, uniq_jessica

Skill      XL: |  1 |
---------------+----+-----
Ranged Weapons | 3 |  3.1
Fighting       | |  1.6
Dodging        | |  2.1
Spellcasting   | |  1.0
Hexes          | |  2.0

Action                     || total
---------------------------++-------
   Fire: Sling             ||    23
    Use: Scroll            ||     1
  Dodge: Dodged            ||     2

Table legend:
 A = Non-vault XP
 B = Vault XP
 C = Vault XP percentage of total XP
 D = Non-vault monster count
 E = Vault monster count
 F = Vault count percentage of total count
                 A         B        C        D         E       F
            +---------+---------+-------+---------+---------+-------
      Total |      18 |       0 |   0.0 |       9 |       0 |   0.0
            +---------+---------+-------+---------+---------+-------
        D:1 |      14 |       0 |   0.0 |       8 |       0 |   0.0
        D:2 |       4 |       0 |   0.0 |       1 |       0 |   0.0
            +---------+---------+-------+---------+---------+-------
